 Dungeon Crawl Stone Soup version 0.25-a0-479-g8579842fd4 (webtiles) character file.

Game seed: 6422379033731466819, levelgen mode: deterministic

45212 Error4North the Cleaver (level 14, -2/126 HPs)
             Began as a Hill Orc Fighter on Feb 9, 2020.
             Was a High Priest of Okawaru.
             Killed from afar by a shock serpent (14 damage)
             ... with a bolt of electricity
             ... on level 4 of the Lair of Beasts.
             The game lasted 01:41:14 (19579 turns).

Error4North the Cleaver (Hill Orc Fighter)         Turns: 19579, Time: 01:41:14

Health: -2/126     AC: 29    Str: 23    XL:     14   Next: 32%
Magic:  0/23       EV: 10    Int:  9    God:    Okawaru [*****.]
Gold:   1634       SH:  8    Dex: 10    Spells: 14/25 levels left

rFire    + . .     SeeInvis .   L - +2 broad axe
rCold    . . .     Gourm    .   M - +1 buckler {AC+3}
rNeg     . . .     Faith    .   O - +0 plate armour
rPois    +         Spirit   +   q - +0 helmet
rElec    .         Reflect  .   G - +0 cloak
rCorr    .         Harm     .   W - +0 pair of gloves
MR       ++...                  h - +2 pair of boots
Stlth    ..........             T - amulet of guardian spirit
HPRegen  0.31/turn              w - ring of protection from magic
MPRegen  0.18/turn              r - ring of poison resistance

@: heroism, very slightly contaminated, slowed, invisible, very slow
A: fire resistance 1, sense surroundings 1
a: Heroism, Finesse, Renounce Religion


You were on level 4 of the Lair of Beasts.
You worshipped Okawaru.
Okawaru was extremely pleased with you.
You were not hungry.

You visited 4 branches of the dungeon, and saw 19 of its levels.

You collected 1886 gold pieces.
You spent 252 gold pieces at shops.

Inventory:

Hand Weapons
 L - a +2 broad axe (weapon)
 Z - a +2 mace of pain
Missiles
 B - 12 javelins (quivered)
 H - 5 silver boomerangs
 X - 15 silver javelins
Armour
 h - a +2 pair of boots (worn)
 q - a +0 helmet (worn)
 G - a +0 cloak (worn)
 M - a +1 buckler of protection (worn)
 O - a +0 plate armour (worn)
 W - a +0 pair of gloves (worn)
Jewellery
 b - an uncursed ring of protection from cold
 r - a ring of poison resistance (right hand)
 w - a ring of protection from magic (left hand)
 P - an uncursed ring of see invisible
 T - an amulet of guardian spirit (around neck)
 V - an uncursed ring of positive energy
Wands
 d - a wand of random effects (31)
 n - a wand of disintegration (6)
 o - a wand of iceblast (6)
 p - a wand of digging (5)
 y - a wand of acid (16)
 C - a wand of flame (21)
 J - a wand of clouds (2)
Scrolls
 a - a scroll of summoning
 e - 6 scrolls of identify
 g - 2 scrolls of fear
 i - 4 scrolls of blinking
 s - 7 scrolls of remove curse
 t - 2 scrolls of amnesia
 v - a scroll of enchant weapon
 x - 2 scrolls of magic mapping
 E - 8 scrolls of teleportation
 U - 2 scrolls of holy word
 Y - 3 scrolls of fog
Potions
 c - a potion of haste
 j - 2 potions of invisibility
 k - 4 potions of curing
 l - a potion of agility
 m - 3 potions of lignification
 u - 4 potions of flight
 A - a potion of brilliance
 F - 2 potions of degeneration {unknown}
 K - 2 potions of magic
 N - a potion of cancellation {unknown}
 R - 3 potions of heal wounds
Miscellaneous
 Q - a lightning rod (3/4)
Comestibles
 f - 23 rations


   Skills:
 * Level 12.1(17.1) Fighting
 + Level 13.8(18.9) Axes
 + Level 2.1(13.0) Maces & Flails
 + Level 0.6(5.6) Throwing
 * Level 11.1(16.1) Armour
 + Level 2.2(7.2) Dodging
 + Level 1.4(6.4) Stealth
 * Level 11.1(16.1) Shields
 + Level 6.3 Spellcasting
 * Level 2.0 Hexes
 * Level 1.7 Necromancy
 * Level 1.4 Transmutations
 * Level 1.4 Ice Magic
 * Level 2.3 Earth Magic
 * Level 8.4 Invocations
 + Level 7.3 Evocations


You had 14 spell levels left.
You knew the following spells:

 Your Spells              Type           Power        Failure   Level  Hunger
a - Corona                Hex            #......      58%         1    None
b - Vampiric Draining     Necr           #.........   94%         3    ###....
c - Freeze                Ice            #...         67%         1    None
d - Statue Form           Tmut/Erth      #........    100%        6    #######

Your spell library contained the following spells:

 Spells                   Type           Power        Failure   Level  Hunger
 Animate Skeleton         Necr           N/A          63%         1    None
 Pain                     Necr           #...         63%         1    None
 Ensorcelled Hibernation  Hex/Ice        #.....       77%         2    ##.....
 Magic Dart               Conj           #...         86%         1    None
 Summon Butterflies       Summ           #.......     86%         1    None
 Confusing Touch          Hex            #.......     91%         3    ###....
 Tukima's Dance           Hex            #.......     91%         3    ###....
 Searing Ray              Conj           #.....       94%         2    ##.....
 Frozen Ramparts          Ice            #.....       95%         3    ###....
 Dazzling Flash           Conj/Hex       #.....       97%         3    ###....
 Ozocubu's Armour         Chrm/Ice       #.......     98%         3    ###....
 Call Canine Familiar     Summ           #.......     99%         3    ###....
 Ignite Poison            Fire/Tmut/Pois #.......     99%         3    ###....
 Animate Dead             Necr           N/A          100%        4    ####...
 Fulminant Prism          Conj/Hex       #.........   100%        4    ####...
 Hailstorm                Conj/Ice       #.......     100%        4    ####...
 Iskenderun's Mystic Bla  Conj/Tloc      #.......     100%        4    ####...
 Summon Ice Beast         Ice/Summ       #.......     100%        4    ####...
 Agony                    Necr           #.......     100%        5    ######.
 Fireball                 Conj/Fire      #.........   100%        5    ######.
 Irradiate                Conj/Tmut      #.........   100%        5    ######.
 Summon Mana Viper        Hex/Summ       #.......     100%        5    ######.
 Hydra Form               Tmut           #.........   100%        6    #######
 Starburst                Conj/Fire      #.........   100%        6    #######
 Dragon Form              Tmut           #.........   100%        7    #######
 Ring of Flames           Chrm/Fire      #.........   100%        7    #######
 Summon Hydra             Summ           #.........   100%        7    #######
 Ignition                 Fire           #.........   100%        8    #######


Dungeon Overview and Level Annotations

Branches:
Dungeon (13/15)            Temple (1/1) D:7            Lair (4/6) D:11
  Swamp (0/4) Lair:3        Snake (1/4) Lair:4          Orc (0/2) D:9
 Vaults: D:13-14

Altars:
Ashenzari
Cheibriados
Dithmenos
Elyvilon
Fedhas
Gozag
Hepliaklqana
Kikubaaqudgha
Makhleb
Nemelex Xobeh
Okawaru
Qazlal
Ru
Sif Muna
Trog
Uskayaw
Vehumet
Wu Jian
Xom
Yredelemnul
Zin
The Shining One

Shops:
D:9 (   D:10 **


Innate Abilities, Weirdness & Mutations

Your flesh is heat resistant. (rF+)
You passively map a small area around you.


Message History

* * * LOW HITPOINT WARNING * * *
You block the black mamba's attack.
The shock serpent bites you but does no damage.
The guardian serpent hits you but does no damage.
The black mamba bites you but does no damage.
You fade into invisibility!
You feel sick.
You block the guardian serpent's attack.
The shock serpent shoots out a bolt of lightning at you!
The bolt of electricity hits you!!
* * * LOW HITPOINT WARNING * * *
You block the black mamba's attack. The guardian serpent barely misses you.
You block the shock serpent's attack.
The black mamba bites you but does no damage.
You are very lightly contaminated with residual magic.
You feel better. You block the black mamba's attack.
The guardian serpent misses you.
The shock serpent shoots out a bolt of lightning at you!
The bolt of electricity hits you!
You die...

...## #......### ....#
###+.#.#.# ...## #P..#..## ..P#
######.#### .### #.P..≈≈≈## ###
.#### ♣♣♣P.≈≈.≈# ##P#### ....#
### ♣.♣♣.♣♣P≈###..P..# ....#
#.##♣P♣SS.♣.≈##......## ....##
##.....S@.)...........#
.....#####.#P≈♣...♣♣♣#.#......#
.....##P##.#.≈♣♣.♣♣≈♣#.+.....##
.....>.....#PP.P..≈♣≈###.....#
....###....##≈.P.PP≈# ##.....#
..### #####.####.#### #......#
..# #####..# ##.#'### .## #..##
##...# .# ####.## ###.##


You could see a shock serpent, a guardian serpent and a black mamba.

Vanquished Creatures
  Gastronok (D:9)
  2 fire dragons (D:13)
  An ice dragon (Lair:4)
  5 hydras
  2 catoblepae
  2 tengu warriors (D:13)
  3 centaur warriors (D:13)
  A two-headed ogre (D:11)
  Urug (Lair:2)
  A lindwurm (Lair:4)
  An unseen horror (D:12)
  A wolf spider (D:12)
  Pikel (D:5)
  2 cyclopes (D:13)
  A manticore (D:12)
  3 black mambas
  8 spiny frogs
  Maggie (D:6)
  A yaktaur (D:13)
  A komodo dragon (D:12)
  2 kobold demonologists (D:13)
  6 rime drakes (Lair:4)
  2 tengu conjurers (D:13)
  A troll (D:9)
  Prince Ribbit (D:5)
  6 slime creatures
  A bog body (Lair:3)
  A hornet (D:10)
  12 hippogriffs
  7 blink frogs
  Sigmund (D:2)
  A shadow (D:13)
  A centaur simulacrum (D:13)
  13 wyverns
  2 wraiths (D:13)
  A hungry ghost (D:12)
  20 yaks
  5 basilisks
  Menkaure (D:6)
  2 nagas
  A soldier ant (D:10)
  7 water moccasins
  A warg (D:9)
  2 acid dragons
  3 porcupines
  6 orc warriors
  Duvessa (D:5)
  3 sky beasts
  4 ice beasts
  A black bear (D:11)
  3 phantoms
  2 eyes of draining
  8 ogres
  7 centaurs
  11 crocodiles
  2 big kobolds
  11 bullfrogs
  2 wyvern skeletons
  Dowan (D:5)
  9 scorpions
  7 killer bees
  12 wights
  2 howler monkeys (D:8)
  5 crimson imps
  2 centaur zombies
  14 hounds
  4 bullfrog zombies
  A gnoll shaman (D:5)
  3 jellies
  2 centaur skeletons
  6 orc priests
  14 orc wizards
  2 bullfrog skeletons
  An iguana (D:11)
  8 worker ants
  Terence (D:2)
  4 howler monkey zombies
  Robin (D:2)
  11 gnolls
  18 adders
  A howler monkey skeleton (D:11)
  4 river rats
  4 shadow imps
  3 white imps (Lair:4)
  2 oozes
  An adder skeleton (D:5)
  6 worms
  3 dart slugs
  3 leopard geckos
  57 orcs
  4 ball pythons
  5 bats
  8 giant cockroaches
  20 goblins
  10 hobgoblins
  4 jackals
  4 quokkas
  5 frilled lizards
  A giant cockroach zombie (D:5)
  A jackal skeleton (D:4)
  11 kobolds
  A quokka skeleton (D:7)
  12 rats
  5 fungi
  2 plants
505 creatures vanquished.

Vanquished Creatures (collateral kills)
  A hippogriff (Lair:4)
  A wyvern (Lair:4)
  A basilisk (Lair:4)
  A bullfrog (Lair:4)
4 creatures vanquished.

Vanquished Creatures (others)
  4 slaves (D:5)
  An adder (D:5)
  3 gnolls (D:5)
  3 fungi
  6 plants
17 creatures vanquished.

Grand Total: 526 creatures vanquished

Notes
Turn   | Place    | Note
-------+----------+-------------------------------------------
     0 | D:1      | Error4North the Hill Orc Fighter began the quest for the
                  | Orb.
     0 | D:1      | Reached XP level 1. HP: 19/19 MP: 1/1
    45 | D:1      | Reached XP level 2. HP: 25/27 MP: 2/2
   162 | D:1      | Reached XP level 3. HP: 27/33 MP: 3/3
   556 | D:1      | Found a glowing golden altar of the Shining One.
   800 | D:2      | Noticed Sigmund
   920 | D:2      | Found a glowing golden altar of the Shining One.
   941 | D:2      | Noticed Terence
   944 | D:2      | Reached skill level 3 in Axes
   955 | D:2      | Killed Terence
   955 | D:2      | Reached XP level 4. HP: 33/40 MP: 4/4
  1070 | D:2      | Killed Sigmund
  1070 | D:2      | Reached skill level 4 in Axes
  1070 | D:2      | Reached skill level 1 in Dodging
  1070 | D:2      | Reached XP level 5. HP: 42/47 MP: 4/6
  1070 | D:2      | Reached XP level 6. HP: 48/53 MP: 4/7
  1110 | D:2      | Noticed Robin
  1129 | D:2      | Reached skill level 1 in Spellcasting
  1133 | D:2      | Killed Robin
  1245 | D:2      | You fall into a shaft and drop 2 floors!
  1522 | D:4      | Reached skill level 5 in Axes
  1740 | D:4      | Reached XP level 7. HP: 58/60 MP: 9/9
  1761 | D:4      | Reached skill level 5 in Shields
  1771 | D:4      | Found a shimmering altar of Xom.
  2723 | D:3      | Reached skill level 5 in Armour
  3309 | D:4      | Reached skill level 5 in Fighting
  3447 | D:4      | Reached skill level 1 in Evocations
  4033 | D:5      | Entered Level 5 of the Dungeon
  4038 | D:5      | Noticed Pikel
  4074 | D:5      | Killed Pikel
  4074 | D:5      | Reached skill level 6 in Axes
  4074 | D:5      | Reached skill level 1 in Stealth
  4074 | D:5      | Reached XP level 8. HP: 63/70 MP: 11/11
  4149 | D:5      | Noticed Prince Ribbit
  4954 | D:5      | Killed Prince Ribbit
  4954 | D:5      | Reached skill level 7 in Axes
  5195 | D:5      | Noticed Dowan
  5198 | D:5      | Noticed Duvessa
  5206 | D:5      | Killed Dowan
  5206 | D:5      | Reached XP level 9. HP: 68/75 MP: 13/13
  5227 | D:5      | Killed Duvessa
  5869 | D:6      | Noticed Maggie
  5895 | D:6      | Killed Maggie
  5895 | D:6      | Reached skill level 8 in Axes
  6247 | D:6      | Found a basalt altar of Yredelemnul.
  6372 | D:6      | Noticed Menkaure
  6381 | D:6      | Killed Menkaure
  6574 | D:7      | Found a burning altar of Makhleb.
  6685 | D:7      | Found a staircase to the Ecumenical Temple.
  6700 | Temple   | Entered the Ecumenical Temple
  6738 | Temple   | Became a worshipper of Warmaster Okawaru
  6976 | D:7      | Reached skill level 9 in Axes
  7037 | D:7      | Reached XP level 10. HP: 86/86 MP: 15/15
  7798 | D:8      | Reached * piety under Okawaru
  7866 | D:8      | Reached skill level 1 in Invocations
  8382 | D:8      | Got a crystal battleaxe
  8383 | D:8      | Identified the +8 battleaxe of Hell's Wrath {venom, Str+2}
                  | (You found it on level 8 of the Dungeon)
  8620 | D:9      | Found an ornate altar of the Wu Jian Council.
  8652 | D:9      | Noticed Gastronok
  8678 | D:9      | Killed Gastronok
  8678 | D:9      | Reached ** piety under Okawaru
  8678 | D:9      | Reached *** piety under Okawaru
  8678 | D:9      | Reached skill level 10 in Axes
  8928 | D:9      | Found a shattered altar of Ashenzari.
  9052 | D:9      | Reached XP level 11. HP: 30/94 MP: 16/18
  9053 | D:9      | Found a staircase to the Orcish Mines.
  9532 | D:9      | Found a hide-covered altar of Uskayaw.
  9705 | D:9      | Found Kamusch's Weapon Boutique.
 10308 | D:10     | Entered Level 10 of the Dungeon
 10341 | D:10     | Reached skill level 5 in Spellcasting
 10386 | D:10     | Noticed an angel
 10388 | D:10     | Found Piupp's Hallowed Reliquary.
 10396 | D:10     | Found a glowing silver altar of Zin.
 10408 | D:10     | Reached **** piety under Okawaru
 10423 | D:10     | Bought a scroll of holy word for 90 gold pieces
 10423 | D:10     | Bought a scroll of holy word for 90 gold pieces
 10423 | D:10     | Bought 4 silver boomerangs for 72 gold pieces
 10539 | D:10     | Received a gift from Okawaru
 10665 | D:10     | Found Wymn's Assorted Antiques.
 10842 | D:10     | Reached skill level 11 in Axes
 11327 | D:11     | Reached skill level 5 in Evocations
 11613 | D:11     | Noticed a two-headed ogre
 11627 | D:11     | Killed a two-headed ogre
 11673 | D:11     | Found a staircase to the Lair.
 12034 | D:12     | Reached ***** piety under Okawaru
 12035 | D:12     | Reached skill level 5 in Invocations
 12311 | D:12     | Noticed an unseen horror
 12329 | D:12     | Killed an unseen horror
 12345 | D:12     | Noticed an eight-headed hydra
 12360 | D:12     | Killed an eight-headed hydra
 12360 | D:12     | Received a gift from Okawaru
 12360 | D:12     | Reached XP level 12. HP: 80/104 MP: 18/20
 12632 | D:13     | Reached skill level 12 in Axes
 12738 | D:13     | Noticed a centaur warrior
 12754 | D:13     | Killed a centaur warrior
 12808 | D:13     | Found a shimmering altar of Xom.
 12868 | D:13     | Noticed a catoblepas
 12868 | D:13     | Noticed a fire dragon
 12868 | D:13     | Noticed a centaur warrior
 12868 | D:13     | Noticed a fire dragon
 12912 | D:12     | HP: 4/106 [wolf spider (4)]
 12923 | D:12     | Reached skill level 10 in Shields
 13169 | D:12     | Paralysed by fainting for 8 turns
 13200 | D:12     | Reached skill level 10 in Fighting
 13475 | D:13     | Noticed a sun demon
 13577 | D:13     | Found a glowing golden altar of the Shining One.
 13779 | D:13     | Noticed a tengu warrior
 13783 | D:13     | Noticed a centaur warrior
 13818 | D:13     | Killed a tengu warrior
 13859 | D:13     | Killed a centaur warrior
 13859 | D:13     | Reached skill level 13 in Axes
 13859 | D:13     | Reached XP level 13. HP: 100/114 MP: 21/21
 14225 | D:13     | Killed a fire dragon
 14505 | D:13     | Killed a fire dragon
 14505 | D:13     | Reached skill level 10 in Armour
 14838 | Lair:1   | Entered Level 1 of the Lair of Beasts
 15036 | Lair:1   | Reached skill level 1 in Maces & Flails
 15045 | Lair:1   | Gained mutation: You passively map a small area around you.
                  | [potion of mutation]
 15045 | Lair:1   | Gained mutation: Your flesh is heat resistant. (rF+)
                  | [potion of mutation]
 15048 | Lair:1   | HP: 5/116 [six-headed hydra (5)]
 15048 | Lair:1   | HP: 1/116 [six-headed hydra (4)]
 15065 | Lair:1   | Received a gift from Okawaru
 15495 | Lair:1   | Received a gift from Okawaru
 15543 | Lair:1   | You fall into a shaft and drop 1 floor!
 15577 | Lair:2   | Noticed Urug
 15603 | Lair:2   | Killed Urug
 15610 | Lair:2   | Received a gift from Okawaru
 16641 | Lair:2   | Learned a level 1 spell: Corona
 16645 | Lair:2   | Learned a level 3 spell: Vampiric Draining
 16647 | Lair:2   | Learned a level 1 spell: Freeze
 16654 | Lair:2   | Learned a level 6 spell: Statue Form
 17075 | Lair:3   | Received a gift from Okawaru
 17459 | Lair:3   | Found a staircase to the Swamp.
 17748 | Lair:3   | Reached skill level 1 in Necromancy
 18269 | Lair:4   | Reached XP level 14. HP: 109/125 MP: 20/23
 18300 | Lair:4   | Received a gift from Okawaru
 18300 | Lair:4   | Reached skill level 1 in Earth Magic
 18307 | Lair:4   | Reached skill level 1 in Hexes
 18314 | Lair:4   | Reached skill level 1 in Ice Magic
 18317 | Lair:4   | Reached skill level 1 in Transmutations
 18850 | Lair:4   | Got an encrusted helmet
 18853 | Lair:4   | Identified the cursed +0 helmet of Filth {Str-3 Dex+7} (You
                  | found it on level 4 of the Lair of Beasts)
 18913 | Lair:4   | Found a staircase to the Snake Pit.
 19566 | Snake:1  | Entered Level 1 of the Snake Pit
 19578 | Lair:4   | HP: 6/126 [shock serpent/bolt of electricity (25)]
 19579 | Lair:4   | Killed from afar by a shock serpent

Levels and vault maps discovered:
D:1:      dpeg_arrival_fog, layout_basic, interstate_on_off, tso_metal_star
D:2:      minmay_wonky_spiral, layout_loops_corners,
          nicolae_overflow_crystal_walls, first_ration, uniq_terence,
          uniq_robin, uniq_sigmund
D:3:      layout_basic
D:4:      layout_loops_corners, lemuel_coloured_pillars_altar,
          chequers_serial_rivers_micro_b, chequers_big_river
D:5:      wad_woods_tower, layout_loops_ring, uniq_duvessa, uniq_prince_ribbit1,
          uniq_pikel
D:6:      layout_rooms, yredelemnul_altar_generic, uniq_menkaure, uniq_maggie
D:7:      layout_basic, lemuel_doored_altar, minmay_temple_entry_arrows
D:8:      layout_cave_pools
D:9:      layout_stronghold, overflow_temple_1_default, ashenzari_altar_1,
          kennysheep_mini_moat, erik_orc_3, serial_shops, shop, uniq_gastronok
D:10:     layout_basic, serial_shops, nicolae_shop_behind_doors,
          hangedman_pestilent_swarm, nicolae_good_shop
D:11:     layout_basic, grunt_lair_entry_orc_guard_hut, grunt_ministairs_11
D:12:     layout_basic, nrook_mini_vaults
D:13:     minmay_the_grid_plus [minmay_the_grid_gridbox,
          minmay_the_grid_minigrid_medium, minmay_the_grid_paths,
          minmay_the_grid_dragon_b, minmay_the_grid_prize_big_room],
          layout_basic, hangedman_feature_mirror
Temple:   regret_index_temple_waves
Lair:1:   layout_loops_ring, grunt_megastairs_2
Lair:2:   layout_long_grid, grunt_megastairs_3, infiniplex_staircase_pool_2,
          uniq_urug
Lair:3:   layout_cave_pods, skrybe_swamp_entry_bodies
Lair:4:   layout_roguey [special_room_mythical_zoo],
          guppyfry_snake_entry_garden, bobbens_ice_dragon_lair
Snake:1:  layout_rooms, st_stairs_14, serial_bayou_lake_a, uniq_roxanne

Skill      XL: |  1  2  3  4  5  6  7  8  9 10 11 12 13 14 |
---------------+-------------------------------------------+-----
Fighting       | 4 5 6 7 9 10 11 12 | 12.1
Shields        | 4 5 6 7 8 9 10 11 | 11.1
Armour         | 4 5 6 7 9 10 11 | 11.1
Axes           | 3 4 5 6 7 9 10 11 13 | 13.8
Dodging        | 1 2 |  2.2
Spellcasting   | 1 2 3 4 5 6 |  6.3
Evocations     | 1 2 3 4 5 6 7 |  7.3
Stealth        | 1 |  1.4
Invocations    | 3 5 7 8 |  8.4
Maces & Flails | 2 |  2.1
Necromancy     | 1 |  1.7
Earth Magic    | 2 |  2.3
Hexes          | 2 |  2.0
Ice Magic      | 1 |  1.4
Transmutations | 1 |  1.4
Throwing       | |  0.6

Action                   |  1- 3 |  4- 6 |  7- 9 | 10-12 | 13-15 || total
-------------------------+-------+-------+-------+-------+-------++-------
Melee: War axe           |   125 |   101 |   512 |  1009 |   186 ||  1933
       Mace              |       |       |       |    18 |    92 ||   110
       Broad axe         |       |       |       |       |   322 ||   322
Throw: Javelin           |       |       |     2 |    19 |    18 ||    39
Invok: Heroism           |       |       |       |    15 |    13 ||    28
       Finesse           |       |       |       |     3 |     7 ||    10
Evoke: Lightning rod     |       |       |       |       |     5 ||     5
       Wand              |       |       |       |       |     6 ||     6
  Use: Potion            |       |     1 |     5 |     8 |     6 ||    20
       Scroll            |       |     2 |     1 |     8 |    18 ||    29
 Stab: Invisible         |       |       |     7 |       |       ||     7
       Petrified         |       |       |       |       |     2 ||     2
  Eat: Chunk             |       |     3 |    11 |    12 |     9 ||    35
       Ration            |       |       |     2 |     4 |     3 ||     9
Armor: Scale mail        |    60 |       |       |       |       ||    60
       Chain mail        |       |    62 |   255 |    97 |       ||   414
       Plate armour      |       |       |       |   402 |   452 ||   854
       Skin              |       |       |       |    19 |       ||    19
Dodge: Dodged            |    50 |    28 |   122 |   295 |   255 ||   750
Block: Shield            |    68 |    55 |   259 |   405 |       ||   787
       Buckler           |       |       |       |    95 |   192 ||   287

Table legend:
 A = Non-vault XP
 B = Vault XP
 C = Vault XP percentage of total XP
 D = Non-vault monster count
 E = Vault monster count
 F = Vault count percentage of total count
                 A         B        C        D         E       F
            +---------+---------+-------+---------+---------+-------
      Total |   38049 |   26540 |  41.1 |     379 |     123 |  24.5
            +---------+---------+-------+---------+---------+-------
        D:1 |      71 |       0 |   0.0 |      31 |       0 |   0.0
        D:2 |      77 |     294 |  79.2 |      20 |      16 |  44.4
        D:3 |      80 |       0 |   0.0 |      29 |       0 |   0.0
        D:4 |     538 |      13 |   2.4 |      22 |       1 |   4.3
        D:5 |     547 |    1149 |  67.7 |      31 |       9 |  22.5
        D:6 |     547 |     573 |  51.2 |      11 |       2 |  15.4
        D:7 |    1113 |       0 |   0.0 |      16 |       0 |   0.0
        D:8 |    1283 |       0 |   0.0 |      32 |       0 |   0.0
        D:9 |    1830 |    2768 |  60.2 |      16 |      19 |  54.3
       D:10 |    1633 |     438 |  21.1 |      21 |       4 |  16.0
       D:11 |    3057 |     746 |  19.6 |      23 |      12 |  34.3
       D:12 |    6675 |     863 |  11.4 |      40 |       2 |   4.8
       D:13 |    7549 |    8353 |  52.5 |      34 |      19 |  35.8
     Lair:1 |    3634 |    1274 |  26.0 |      14 |       3 |  17.6
     Lair:2 |    2260 |    1753 |  43.7 |      12 |       4 |  25.0
     Lair:3 |    4679 |     271 |   5.5 |      18 |       1 |   5.3
     Lair:4 |    2319 |    8045 |  77.6 |       8 |      31 |  79.5
    Snake:1 |     157 |       0 |   0.0 |       1 |       0 |   0.0
            +---------+---------+-------+---------+---------+-------
